 Dungeon Crawl Stone Soup version 0.30-a0-1016-gfb0d676c02 (webtiles) character file.

Game seed: 3792196861997541469

3810 ytrimaz the Grappler (level 9, -4/98 HPs)
             Began as a Troll Transmuter on Apr 6, 2023.
             Was an Initiate of Makhleb.
             Slain by a cyan ugly thing (13 damage)
             ... on level 7 of the Dungeon.
             The game lasted 00:07:57 (5879 turns).

ytrimaz the Grappler (Troll Transmuter)             Turns: 5879, Time: 00:07:57

Health: -4/98      AC:  4    Str: 20    XL:     9   Next: 96%
Magic:  9/9        EV:  9    Int: 13    God:    Makhleb [......]
Gold:   141        SH:  0    Dex: 10    Spells: 7/10 levels left

rFire   + . .      SeeInvis .      - Unarmed
rCold   . . .      Faith    .    (no shield)
rNeg    . . .      Spirit   .    a - +0 robe
rPois   .          Reflect  .    (helmet restricted)
rElec   .          Rampage  .    (no cloak)
rCorr   .                        (gloves unavailable)
Will    .....                    (boots unavailable)
Stlth   +                        (no amulet)
HPRegen 1.16/turn                e - ring of protection from fire
MPRegen 0.11/turn                (no ring)

@: hasted, very quick
A: large, unfitting armour, claws 3, regeneration 1, shaggy fur 1, tough skin 1
a: Renounce Religion


You were on level 7 of the Dungeon.
You worshipped Makhleb.
Makhleb was noncommittal.
You visited 2 branches of the dungeon, and saw 8 of its levels.

You collected 295 gold pieces.
You spent 154 gold pieces at shops.


Innate Abilities, Weirdness & Mutations

You are too large for most types of armour.
You have claws for hands.
Your natural rate of healing is unusually fast.
You are covered in fur. (AC +1)
You have tough skin. (AC +1)


   Skills:
 + Level 9.1 Fighting
 - Level 1.5 Dodging
 - Level 10.0 Unarmed Combat
 - Level 1.2 Spellcasting
 - Level 1.3 Transmutations


You had 7 spell levels left.
You knew the following spells:

 Your Spells              Type           Power      Damage    Failure   Level
a - Beastly Appendage     Tmut           8%         N/A       16%         1
b - Wereblood             Tmut           4%         N/A       24%         2

Your spell library contained the following spells:

 Spells                   Type           Power      Damage    Failure   Level
 Sandblast                Erth           0%         2d4       28%         1
 Passwall                 Tmut/Erth      1%         N/A       30%         2
 Sublimation of Blood     Necr           0%         N/A       38%         2
 Spider Form              Tmut/Pois      2%         N/A       52%         3
 Stone Arrow              Conj/Erth      0%         3d7       63%         3
 Ice Form                 Ice/Tmut       2%         N/A       90%         4
 Summon Hydra             Summ           0%         N/A       100%        7

Inventory:

Armour
 a - a +0 robe (worn)
Jewellery
 e - a ring of protection from fire (left claw)
   (You found it on level 1 of the Dungeon)
Scrolls
 c - 2 scrolls of enchant armour
 d - 5 scrolls of noise
 h - 3 scrolls of magic mapping
 k - a scroll of blinking
 m - a scroll of amnesia
Potions
 b - 5 potions of curing
 f - 2 potions of flight
 g - 2 potions of resistance
 i - 2 potions of haste
 l - 2 potions of heal wounds

Dungeon Overview and Level Annotations

Branches:
Dungeon (7/15) Zot: 26084  Temple (1/1) D:6 Zot: 5807

Altars:
Ashenzari
Cheibriados
Dithmenos
Elyvilon
Fedhas
Gozag
Hepliaklqana
Kikubaaqudgha
Makhleb
Nemelex Xobeh
Qazlal
Ru
Sif Muna
Trog
Uskayaw
Vehumet
Wu Jian
Xom
Yredelemnul
Zin
The Shining One

Shops:
D:5 !   D:7 *

Annotations:
D:3 1 runed translucent door, Crazy Yiuf

#....# #####♣.♣##### .♣ #.....
####.#♣♣....♣.♣....♣♣ .#.♣#.....
.....#♣....♣.♣.♣....♣#.~~~.#.....
####.#.....♣♣♣♣♣.......~~~.#.....
.....#♣....♣.♣.♣...u♣ #.....
####.#♣♣...)♣.♣....♣♣ #..... #.#
#####♣.♣##### #.#... #.#
♣♣♣...lu♣♣♣ #.##..
#.#♣♣♣..##'##@.♣♣♣# #.####
#.#.♣.♣.#.⌠.#÷♣.♣.# #.# #
#.#♣.♣♣.#####.♣♣.♣# #.# #
####.#♣♣♣♣♣.....♣♣♣♣♣ #.# #
.....########.######### #.# #
####..................# #.# #
#.################.# #.# # ####.#
#..# #.# # .....#
############.#######.####


You could see a cyan ugly thing and a komodo dragon.


Message History

You miss the water moccasin. Your claw misses the water moccasin.
You feel sick. The water moccasin bites you.
You are more poisoned.
The water moccasin poisons you! 😕 HP[-3]
You take 3 damage, and now have 83/98 hp.
You completely miss the water moccasin.
You feel very sick. The water moccasin bites you.
You are more poisoned.
The water moccasin poisons you! 😕 HP[-6]
You take 6 damage, and now have 77/98 hp.
You claw the water moccasin!
You feel very sick. The water moccasin bites you. 😮 HP[-8]
You take 8 damage, and now have 69/98 hp.
You mangle the water moccasin!!
You kill the water moccasin!
Makhleb accepts your kill.
You feel very sick.
You are too injured to fight recklessly! 😮 HP[-3]
You take 3 damage, and now have 66/98 hp.
You feel very sick.
You see here a water moccasin corpse. 😮 HP[-3]
You take 3 damage, and now have 63/98 hp.
You feel very sick.
You feel sick.
You feel very sick.
You feel sick.
You feel sick.
You feel sick.
You feel sick.
You feel sick.
You feel sick.
You feel sick.
You are no longer poisoned.
Key pressed, stopping explore.
m - a scroll of amnesia 😎 HP[+35]
Your hp is fully restored (98).
Key pressed, stopping explore.
You see here a bullfrog skeleton.
Key pressed, stopping explore.
Things that are here:
a +4 flail; a +0 robe; a water moccasin skeleton A cyan ugly thing comes into view.
The cyan ugly thing gurgles horribly!
A cyan ugly thing is nearby!
A cyan ugly thing is nearby!
Unknown command.
Okay, then.
Things that are here:
a +4 flail; a +0 robe; a water moccasin skeleton It was a potion of ambrosia.
You are confused.
You feel invigorated.
You feel yourself speed up. The cyan ugly thing headbutts you!
The cyan ugly thing shocks you! 😮 HP[-26]
You take 26 damage, and now have 72/98 hp.
MASSIVE DAMAGE!! (PAUSE)
You feel better.
You feel less invigorated. 😕 HP[+11]
You regained 11 hp, and now have 83/98 hp.
Unknown command.
You barely miss the cyan ugly thing. The cyan ugly thing headbutts you.
The cyan ugly thing shocks you!
A komodo dragon comes into view. 😮 HP[-15]
You take 15 damage, and now have 68/98 hp.
You mangle the cyan ugly thing!! 😮 HP[+1] Unknown command.
You claw the cyan ugly thing! The cyan ugly thing headbutts you!
The cyan ugly thing shocks you!
* * * LOW HITPOINT WARNING * * *
😨 HP[-23]
You take 23 damage, and now have 46/98 hp.
MASSIVE DAMAGE!! (PAUSE)
You mangle the cyan ugly thing!! 😨 HP[+1] Unknown command.
You scratch the cyan ugly thing but do no damage.
The cyan ugly thing headbutts you!
* * * LOW HITPOINT WARNING * * *
The cyan ugly thing shocks you!
* * * LOW HITPOINT WARNING * * *
😱 HP[-27]
You take 27 damage, and now have 20/98 hp.
MASSIVE DAMAGE!! (PAUSE)
You claw the cyan ugly thing!
Unknown command.
You scratch the cyan ugly thing. The cyan ugly thing headbutts you!
* * * LOW HITPOINT WARNING * * *
The cyan ugly thing shocks you!
You die...

Skill      XL: |  1  2  3  4  5  6  7  8  9 |
---------------+----------------------------+-----
Unarmed Combat | 4 5 6 7 9 10 | 10.0
Fighting       | 1 2 3 4 6 9 |  9.1
Dodging        | |  1.5
Spellcasting   | |  1.2
Transmutations | |  1.3

Action                     |  1- 3 |  4- 6 |  7- 9 || total
---------------------------+-------+-------+-------++-------
  Melee: Unarmed           |    86 |   129 |   237 ||   452
         Punch             |     1 |     5 |    14 ||    20
         Kick              |       |     7 |     5 ||    12
         Headbutt          |       |       |     2 ||     2
   Cast: Wereblood         |     2 |     2 |     3 ||     7
         Beastly Appendage |       |     1 |     2 ||     3
    Use: Potion            |     1 |     1 |     3 ||     5
         Scroll            |       |     5 |     8 ||    13
   Stab: Sleeping          |       |     1 |       ||     1
 Armour: Robe              |    28 |    22 |    62 ||   112
         Skin              |    22 |       |       ||    22
  Dodge: Dodged            |    43 |    46 |    97 ||   186

Levels and vault maps discovered:
D:1:      elethiomel_arrival_infinity_welcomes_careful_drivers, layout_basic,
          shapermc_ecumenical_altar_mp_vishouse
D:2:      layout_basic, nrook_uturn, minmay_misc_feat_alley, uniq_terence
D:3:      layout_basic, st_stairs_3, amcnicky_mini_corridor_feature,
          nicolae_figureground_pulse, uniq_crazy_yiuf_cottage, uniq_robin
D:4:      layout_loops_cross, uniq_edmund
D:5:      minmay_razor_zed, layout_cave_pools, serial_shops,
          nicolae_stop_n_shop_1, uniq_pikel, uniq_eustachio
D:6:      layout_loops_cross, minmay_temple_entry_wispy,
          amcnicky_mini_rare_corridor_liquid
D:7:      nzn_winding_woodlands_three_and_one
          [nzn_winding_woodlands_5x15_crooked,
          nzn_winding_woodlands_5x15_parted, nzn_winding_woodlands_5x15_cabin,
          nzn_winding_woodlands_center_triple_pond], layout_basic,
          mainiacjoe_overflow_alcove_4, minitemple, serial_shops, shop
Temple:   nicolae_temple_two_arcs

Notes
Turn   | Place    | Note
-------+----------+-------------------------------------------
     0 | D:1      | ytrimaz the Troll Transmuter began the quest for the Orb.
     0 | D:1      | Reached XP level 1. HP: 18/18 MP: 1/1
     0 | D:1      | magus.rc [v1.9.6]
   182 | D:1      | You pick up a book of Blood and begin reading...
   182 | D:1      | You add the spells Sublimation of Blood and Summon Hydra to
                  | your library.
   281 | D:1      | Found a faded altar of an unknown god.
   292 | D:1      | Reached XP level 2. HP: 26/26 MP: 2/2
   826 | D:2      | Reached skill level 4 in Unarmed Combat
  1082 | D:2      | You fall into a shaft and drop 1 floor!
  1095 | D:3      | Reached XP level 3. HP: 18/32 MP: 3/3
  1103 | D:3      | HP: 8/32 [jackal (3)]
  1168 | D:3      | Learned a level 2 spell: Wereblood
  1174 | D:3      | Noticed Robin
  1217 | D:3      | Killed Robin
  1218 | D:3      | Reached XP level 4. HP: 29/40 MP: 1/4
  1250 | D:3      | Reached skill level 5 in Unarmed Combat
  1302 | D:3      | You pick up a book of Geomancy and begin reading...
  1302 | D:3      | You add the spells Sandblast, Passwall and Stone Arrow to
                  | your library.
  1343 | D:3      | Found a runed translucent door.
  1344 | D:3      | Noticed Crazy Yiuf
  1491 | D:3      | Reached skill level 1 in Fighting
  2253 | D:4      | Reached XP level 5. HP: 44/49 MP: 5/5
  2396 | D:3      | Reached skill level 2 in Fighting
  2454 | D:4      | Noticed Edmund
  2471 | D:4      | HP: 6/49 [Edmund/+0 dire flail of protection (12)]
  2473 | D:4      | Killed Edmund
  2474 | D:4      | Reached skill level 6 in Unarmed Combat
  2474 | D:4      | Reached XP level 6. HP: 21/59 MP: 6/6
  2739 | D:4      | Reached skill level 3 in Fighting
  2830 | D:4      | HP: 9/61 [acid (8)]
  2941 | D:5      | Entered Level 5 of the Dungeon
  2952 | D:5      | Reached XP level 7. HP: 66/67 MP: 7/7
  3163 | D:5      | Noticed Eustachio
  3187 | D:5      | Killed Eustachio
  3188 | D:5      | Reached skill level 4 in Fighting
  3188 | D:5      | Reached skill level 7 in Unarmed Combat
  3337 | D:5      | Found Roil's Distillery.
  3347 | D:5      | Bought a potion of curing for 42 gold pieces
  3347 | D:5      | Bought a potion of curing for 42 gold pieces
  3447 | D:4      | Reached XP level 8. HP: 54/79 MP: 8/8
  3474 | D:5      | Reached skill level 5 in Fighting
  3505 | D:5      | Reached skill level 8 in Unarmed Combat
  3757 | D:5      | Noticed Pikel
  3803 | D:5      | Killed Pikel
  3804 | D:5      | Reached skill level 6 in Fighting
  3804 | D:5      | Reached skill level 9 in Unarmed Combat
  3862 | D:5      | Reached XP level 9. HP: 73/92 MP: 9/9
  3967 | D:6      | Found a staircase to the Ecumenical Temple.
  4061 | Temple   | Entered the Ecumenical Temple
  4343 | D:6      | Reached skill level 7 in Fighting
  4495 | D:6      | Reached skill level 10 in Unarmed Combat
  4948 | D:7      | Found Haxzavaa's General Store.
  4963 | D:7      | Bought a potion of heal wounds for 70 gold pieces
  5070 | D:7      | Found an ornate altar of the Wu Jian Council.
  5077 | D:7      | Found a shadowy altar of Dithmenos.
  5145 | D:7      | Found a burning altar of Makhleb.
  5320 | D:7      | Became a worshipper of Makhleb the Destroyer
  5399 | D:7      | Reached skill level 8 in Fighting
  5623 | D:7      | Reached skill level 9 in Fighting
  5858 | D:7      | Noticed a cyan ugly thing
  5873 | D:7      | Noticed a komodo dragon
  5877 | D:7      | HP: 20/98 [cyan ugly thing (17)]
  5879 | D:7      | HP: 9/98 [cyan ugly thing (12)]
  5879 | D:7      | Slain by a cyan ugly thing

Vanquished Creatures
  Pikel (D:5)
  Eustachio (D:5)
  A steam dragon (D:7)
  Edmund (D:4)
  4 water moccasins
  2 ice beasts
  A sky beast (D:5)
  6 ogres
  2 centaurs (D:7)
  3 lemures (D:5)
  3 phantoms
  3 bullfrogs
  4 scorpions
  A wight (D:7)
  3 howler monkeys
  2 jellies
  An orc priest (D:5)
  A hound (D:7)
  7 iguanas
  7 orc wizards
  Robin (D:3)
  7 gnolls
  7 adders
  2 shadow imps (D:7)
  3 ufetubi
  A worm (D:3)
  2 dart slugs (D:5)
  22 orcs
  4 ball pythons
  3 bats
  5 endoplasms
  2 giant cockroaches
  12 goblins
  8 hobgoblins
  5 jackals (D:3)
  3 kobolds
  8 quokkas
  2 frilled lizards
  8 rats
159 creatures vanquished.

Table legend:
 A = Non-vault XP
 B = Vault XP
 C = Vault XP percentage of total XP
 D = Non-vault monster count
 E = Vault monster count
 F = Vault count percentage of total count
                 A         B        C        D         E       F
            +---------+---------+-------+---------+---------+-------
      Total |    2944 |    2499 |  45.9 |     117 |      39 |  25.0
            +---------+---------+-------+---------+---------+-------
        D:1 |      18 |       0 |   0.0 |      11 |       0 |   0.0
        D:2 |      20 |       0 |   0.0 |       6 |       0 |   0.0
        D:3 |     109 |      53 |  32.7 |      29 |      15 |  34.1
        D:4 |     699 |     166 |  19.2 |      29 |       1 |   3.3
        D:5 |     351 |    1640 |  82.4 |      10 |      15 |  60.0
        D:6 |     856 |       0 |   0.0 |      15 |       0 |   0.0
        D:7 |     891 |     640 |  41.8 |      17 |       8 |  32.0
            +---------+---------+-------+---------+---------+-------

Illustrated notes

Table legend:
 A = Kills in this place as a percentage of kills in the entire game.
 B = Kills by you in this place as a percentage of kills by you in the entire game.
 C = Kills by friends in this place as a percentage of kills by friends in the entire game.
 D = Other kills in this place as a percentage of other kills in the entire game.
 E = Experience gained in this place as a percentage of experience gained in the entire game.
 F = Experience gained in this place divided by the number of levels of this place that you have seen.
                   A       B       C       D       E      F
               +-------+-------+-------+-------+-------+----------------------
         Total | 100.0 | 100.0 |   N/A |   N/A | 100.0 | 680.4
       Dungeon | 100.0 | 100.0 |   N/A |   N/A | 100.0 | 777.6
               +-------+-------+-------+-------+-------+----------------------

Table legend: (Time is in decaauts)
 A = Elapsed time spent in this place.
 B = Non-inter-level travel time spent in this place.
 C = Inter-level travel time spent in this place.
 D = Time resting spent in this place.
 E = Time spent auto-exploring this place.
 F = Levels seen in this place.
 G = Mean time per level.
                   A        B        C        D        E       F      G
               +--------+--------+--------+--------+--------+-----+--------+
         Total |   5826 |   5551 |    275 |    192 |   4138 |   8 |  728.2 |
       Dungeon |   5633 |   5358 |    275 |    192 |   4033 |   7 |  804.7 |
        Temple |    192 |    192 |      0 |      0 |    105 |   1 |  192.0 |
               +--------+--------+--------+--------+--------+-----+--------+

Top non-repeatable levels by time:
     D:3: 1133 daAuts
     D:5: 944 daAuts
     D:7: 914 daAuts
     D:4: 828 daAuts
     D:1: 768 daAuts
     D:6: 734 daAuts
     D:2: 310 daAuts
  Temple: 192 daAuts
